 Dungeon Crawl Stone Soup version 0.32-a0-163-g159c032296 (webtiles) character file.

Game seed: 8032338806598735949

122 PriceMaster the Digger (level 5, 0/31 HPs)
             Began as an Octopode Earth Elementalist on Feb 12, 2024.
             Killed from afar by an orc wizard (8 damage)
             ... with a magic dart
             ... on level 3 of the Dungeon.
             The game lasted 00:03:29 (2383 turns).

PriceMaster the Digger (OpEE)                       Turns: 2383, Time: 00:03:31

Health: 0/31       AC:  1    Str:  7    XL:     5   Next: 6%
Magic:  1/10       EV: 13    Int: 20    God:
Gold:   91         SH:  0    Dex: 12    Spells: 6/10 levels left

rFire   + . .        k - +2 spear (flame)
rCold   + . .        (no shield)
rNeg    . . .        (helmet restricted)
rPois   +            (no amulet)
rElec   +            (no ring)
rCorr   +            (no ring)
SInv    .            (no ring)
Will    +....        (no ring)
Stlth   +++          (no ring)
HPRegen 0.25/turn    (no ring)
MPRegen 0.12/turn    (no ring)
                     (no ring)

%: no passive effects
@: brilliant, resistant, enlightened, flying
A: almost no armour, amphibious, 8 rings, camouflage 1, gelatinous body 1,
(nimble swimmer 1), tentacles
a: no special abilities


You were on level 3 of the Dungeon.
You visited 1 branch of the dungeon, and saw 3 of its levels.

You collected 91 gold pieces.

Inventory:

Hand Weapons
 a - a +0 dagger
 k - a +2 spear of flaming (weapon)
Missiles
 p - 6 atropa-tipped darts
Magical Staves
 d - a staff of fire
Wands
 o - a wand of flame (9)
Scrolls
 b - 2 scrolls of noise
 c - a scroll of amnesia {unknown}
 g - a scroll of fog {unknown}
 h - a scroll of butterflies {unknown}
 j - a scroll of identify {unknown}
 l - a scroll of vulnerability {unknown}
Potions
 e - a potion of resistance
 f - a potion of brilliance
 n - a potion of heal wounds {unknown}


   Skills:
 + Level 0.3 Polearms
 + Level 2.2 Dodging
 + Level 3.4 Stealth
 + Level 3.4 Spellcasting
 + Level 1.0 Conjurations
 + Level 4.0 Earth Magic


You had 6 spell levels left.
You knew the following spells:

 Your Spells              Type           Power      Damage    Failure   Level
a - Sandblast             Erth           58%        2d13      2%          1
b - Stone Arrow           Conj/Erth      40%        3d9       14%         3

Your spell library contained the following spells:

 Spells                   Type           Power      Damage    Failure   Level
 Passwall                 Erth           29%        N/A       8%          3
 Brom's Barrelling Bould  Conj/Erth      20%        2d4       43%         4
 Petrify                  Alch/Erth      17%        N/A       52%         4


Dungeon Overview and Level Annotations

Branches:
Dungeon (3/15)

Altars:
Okawaru


Innate Abilities, Weirdness & Mutations

You cannot wear most types of armour.
You are amphibious.
You can wear up to eight rings at the same time.
Your skin changes colour to match your surroundings (Stealth+).
Your rubbery body absorbs attacks. (AC +1, EV +1)
((You are camouflaged when in or above water. (Stealth+)))
You have tentacles for arms and can constrict up to eight enemies at once.


Message History

A rat comes into view.
Something hits you. The orc misses you.
The orc hits you with a +1 whip of venom!
Something hits you.
The rat moves out of view.
You are too injured to fight recklessly!
It was a potion of brilliance.
You feel clever all of a sudden. The orc closely misses you.
You hear some strange, mumbled words.
A puff of flame appears from out of thin air!
The puff of flame hits you. You resist.
It was a potion of curing.
You feel better. Something hits you. The orc barely misses you.
The rat squeaks loudly.
You hit the orc. You burn the orc.
You kill the orc!
You hear some strange, mumbled words.
Something tries to affect you, but you resist.
You miss something. Something hits you.
You are too injured to fight recklessly!
You are too injured to fight recklessly!
Casting: Sandblast (safe; 2% risk of failure)
Confirm with . or Enter, or press ? or * to list all spells.
Aiming: Sandblast (safe; 2% risk of failure)
Press: ? - help, Shift-Dir - straight line, f - rat
Aim: a rat (83% to hit)
You feel a surge of power!
The blast of sand hits the rat!
You kill the rat!
Something hits you.
* * * LOW HITPOINT WARNING * * *
You hit something but do no damage. Your squeeze misses something.
Something hits you.
* * * LOW HITPOINT WARNING * * *
It was a potion of enlightenment.
You feel very buoyant.
You fly up into the air.
You hear some strange, mumbled words.
A magic dart appears from out of thin air!
The magic dart hits you!
You die...

##.######### #.# # #.#
#.#### ##+## ......
##...## ......#
##.....## # .......
##....[..## ##
#.#...{###.........####.
#...!.)@.'.........'....
......)###.........##.#.
##.#.#. ##.......###.##
# #. ##.....## #.## ..
##...## #.## ## ##'##
#... #.# #### # #


There were no monsters in sight!

Vanquished Creatures
  Jessica (D:3)
  3 adders
  3 dart slugs
  2 ribbon worms (D:2)
  4 orcs (D:3)
  6 ball pythons
  5 bats
  2 endoplasms (D:1)
  3 giant cockroaches (D:1)
  3 goblins
  2 hobgoblins (D:1)
  6 jackals (D:1)
  A quokka (D:1)
  A frilled lizard (D:1)
  5 kobolds
  4 rats
51 creatures vanquished.

Notes
Turn   | Place    | Note
-------+----------+-------------------------------------------
     0 | D:1      | PriceMaster the Octopode Earth Elementalist began the quest
                  | for the Orb.
     0 | D:1      | Reached XP level 1. HP: 11/11 MP: 3/3
   148 | D:1      | Reached XP level 2. HP: 17/17 MP: 3/5
   485 | D:1      | Reached XP level 3. HP: 21/21 MP: 4/6
   489 | D:1      | Learned a level 3 spell: Stone Arrow
  1181 | D:2      | Found an iron altar of Okawaru.
  1270 | D:2      | Reached XP level 4. HP: 27/27 MP: 3/8
  2164 | D:3      | Reached skill level 4 in Earth Magic
  2298 | D:3      | Noticed Jessica
  2299 | D:3      | Killed Jessica
  2372 | D:3      | Reached XP level 5. HP: 31/31 MP: 4/10
  2383 | D:3      | Killed from afar by an orc wizard

Illustrated notes

Levels and vault maps discovered:
D:1:      sevenhm_arrival_forest_fort_small_3, layout_loops_ring,
          minmay_tetromino_l4
D:2:      layout_loops_ring, basic_altar
D:3:      layout_loops_corners, uniq_jessica

Skill      XL: |  1  2  3  4 |
---------------+-------------+-----
Stealth        | 3 |  3.4
Spellcasting   | 3 |  3.4
Earth Magic    | 4 |  4.0
Polearms       | |  0.3
Dodging        | |  2.2
Conjurations   | |  1.0

Action                     |  1- 3 |  4- 6 || total
---------------------------+-------+-------++-------
  Melee: Unarmed           |     4 |       ||     4
         Tentacles         |     3 |       ||     3
         Constrict         |     3 |       ||     3
         Spear             |    12 |     5 ||    17
   Cast: Sandblast         |    35 |    10 ||    45
         Stone Arrow       |     1 |     9 ||    10
    Use: Potion            |     1 |     4 ||     5
         Scroll            |     5 |       ||     5
   Stab: Sleeping          |     5 |       ||     5
 Armour: Skin              |    14 |    14 ||    28
  Dodge: Dodged            |    21 |     8 ||    29

Table legend: (Time is in decaauts)
 A = Elapsed time spent in this place.
 B = Non-inter-level travel time spent in this place.
 C = Inter-level travel time spent in this place.
 D = Time resting spent in this place.
 E = Time spent auto-exploring this place.
 F = Levels seen in this place.
 G = Mean time per level.
                   A        B        C        D        E       F      G
               +--------+--------+--------+--------+--------+-----+--------+
         Total |   2406 |   2211 |    195 |      0 |   1936 |   3 |  802.0 |
       Dungeon |   2406 |   2211 |    195 |      0 |   1936 |   3 |  802.0 |
               +--------+--------+--------+--------+--------+-----+--------+

Top non-repeatable levels by time:
     D:1: 1168 daAuts
     D:2: 782 daAuts
     D:3: 454 daAuts
